 Dungeon Crawl Stone Soup version 0.31-a0-83-gbff143cfd1 (webtiles) character file.

Game seed: 7813873210298096473

54 Esekla the Sneak (level 3, -8/26 HPs)
             Began as an Octopode Delver on May 25, 2023.
             Was an Initiate of Gozag.
             Mangled by a gnoll
             ... wielding a +0 halberd
              (10 damage)
             ... on level 4 of the Dungeon.
             The game lasted 00:04:59 (661 turns).

Esekla the Sneak (Octopode Delver)                   Turns: 661, Time: 00:04:59

Health: -8/26      AC:  1    Str: 11    XL:     3   Next: 91%
Magic:  4/4        EV: 13    Int: 14    God:    Gozag
Gold:   123        SH:  0    Dex: 13    Spells: 3/3 levels left

rFire   . . .        d - +1 falchion (pain)
rCold   . . .        (no shield)
rNeg    . . .        (helmet restricted)
rPois   .            (no amulet)
rElec   .            (no ring)
rCorr   .            (no ring)
SInv    .            (no ring)
Will    .....        (no ring)
Stlth   ++++         (no ring)
HPRegen 0.24/turn    (no ring)
MPRegen 0.09/turn    (no ring)
                     (no ring)

%: no passive effects
@: gold aura
A: almost no armour, amphibious, 8 rings, camouflage 1, gelatinous body 1,
(nimble swimmer 1), tentacles
a: Renounce Religion, Potion Petition, Call Merchant, Bribe Branch


You were on level 4 of the Dungeon.
You worshipped Gozag.
Gozag was aware of your devotion.
You visited 2 branches of the dungeon, and saw 4 of its levels.

You collected 146 gold pieces.
You paid 23 gold pieces to Gozag.

Inventory:

Hand Weapons
 a - a +0 falchion
 d - a +1 falchion of pain (weapon)
 s - a +0 dagger
Missiles
 c - 2 poisoned darts (quivered)
Wands
 f - a wand of digging (3)
Scrolls
 b - a scroll of fog
 e - a scroll of identify {unknown}
Potions
 g - a potion of mutation {unknown}


   Skills:
 * Level 3.3 Fighting
 * Level 2.3 Long Blades
 * Level 2.3 Dodging
 + Level 7.4 Stealth
 * Level 0.8 Spellcasting


You had 3 spell levels left.
You didn't know any spells.
Your spell library was empty.

Dungeon Overview and Level Annotations

Branches:
Dungeon (5/15)             Temple (1/1) D:5

Altars:
Ashenzari
Gozag


Innate Abilities, Weirdness & Mutations

You cannot wear most types of armour.
You are amphibious.
You can wear up to eight rings at the same time.
Your skin changes colour to match your surroundings (Stealth+).
Your rubbery body absorbs attacks. (AC +1, EV +1)
((You are camouflaged when in or above water. (Stealth+)))
You have tentacles for arms and can constrict up to eight enemies at once.


Message History

There is an open door here.
You have a feeling of ineptitude.
d - a +1 falchion of pain (weapon)
The gnoll barely misses you.
You open the door. The gnoll closely misses you.
The gnoll attacks as you move away! The gnoll hits you with a +0 whip.
A goblin comes into view. It is wielding a +0 club.
There is an open door here.
Found 9 gold pieces.
The gnoll attacks as you move away! The gnoll closely misses you.
You hit the gnoll. Your grab misses the gnoll.
The gnoll is moderately wounded.
The gnoll closely misses you.
You hit the gnoll. You grab the gnoll.
The gnoll is severely wounded.
You constrict the gnoll. The gnoll barely misses you.
The gnoll hits you with a +0 whip.
You hit the gnoll.
You kill the gnoll!
The gnoll hits you from afar with a +0 halberd.
The gnoll shouts!
The gnoll barely misses you.
Things that are here:
3 gold pieces; a +0 whip You hit the gnoll.
You grab the gnoll.
The gnoll is moderately wounded.
You constrict the gnoll. The gnoll misses you. The gnoll completely misses you.
You barely miss the gnoll.
The gnoll is heavily wounded.
You constrict the gnoll.
The gnoll hits you from afar with a +0 spear.
The gnoll barely misses you.
You hit the gnoll.
The gnoll is almost dead.
You constrict the gnoll.
The gnoll hits you from afar with a +0 spear!
* * * LOW HITPOINT WARNING * * *
The gnoll hits you with a +0 halberd!
You die...
Your body crumbles into a pile of gold.

+...$..# ##.g....#
#.......# #.......+
#.......# $ #......#
+......# #.@g#####
#.#'#...#+# ####
###g......# #..#+#
#+###..........
##....#####g..##.........
.......g.g..#..'.........
...######..######.......#
..## #..# #.......# ###
#...# ####+####


You could see 2 gnolls and a goblin (asleep).

Vanquished Creatures
  A gnoll (D:4)
  3 adders
  A worm (D:3)
  4 orcs
  A bat (D:3)
  A quokka (D:5)
  A frilled lizard (D:3)
  A kobold (D:3)
13 creatures vanquished.

Notes
Turn   | Place    | Note
-------+----------+-------------------------------------------
     0 | D:5      | Esekla the Octopode Delver began the quest for the Orb.
     0 | D:5      | Reached XP level 1. HP: 16/16 MP: 1/1
    26 | D:5      | Noticed a black bear
    48 | D:5      | Noticed a jelly
    56 | D:5      | Found a staircase to the Ecumenical Temple.
   128 | Temple   | Entered the Ecumenical Temple
   155 | Temple   | Became a worshipper of Gozag Ym Sagoz the Greedy
   249 | D:5      | Reached skill level 7 in Stealth
   249 | D:5      | Reached XP level 2. HP: 6/21 MP: 2/2
   251 | D:5      | HP: 1/21 [poisoned by an adder]
   336 | D:3      | Found a broken altar of Ashenzari.
   377 | D:3      | Reached XP level 3. HP: 12/26 MP: 3/3
   661 | D:4      | Mangled by a gnoll

Illustrated notes

Levels and vault maps discovered:
D:3:      layout_basic, mainiacjoe_overflow_chevrons, kennysheep_generic_room_5
D:4:      nicolae_cairo_tiling_very_big, layout_layer_cave, chei_slow_surprise
D:5:      layout_basic, lemuel_tele_altar, temple_pool_b
Temple:   minmay_temple_curvy_branch

Skill      XL: |  1 |
---------------+----+-----
Stealth        | 7 |  7.4
Fighting       | |  3.3
Long Blades    | |  2.3
Dodging        | |  2.3
Spellcasting   | |  0.8

Action                     || total
---------------------------++-------
  Melee: Falchion          ||    35
         Constrict         ||    12
         Tentacles         ||     8
         Dagger            ||     2
    Use: Scroll            ||     2
         Potion            ||     2
   Stab: Sleeping          ||     1
 Armour: Skin              ||     2
  Dodge: Dodged            ||    44

Table legend: (Time is in decaauts)
 A = Elapsed time spent in this place.
 B = Non-inter-level travel time spent in this place.
 C = Inter-level travel time spent in this place.
 D = Time resting spent in this place.
 E = Time spent auto-exploring this place.
 F = Levels seen in this place.
 G = Mean time per level.
                   A        B        C        D        E       F      G
               +--------+--------+--------+--------+--------+-----+--------+
         Total |    648 |    648 |      0 |    121 |     22 |   4 |  162.0 |
       Dungeon |    597 |    597 |      0 |    121 |      0 |   3 |  199.0 |
        Temple |     50 |     50 |      0 |      0 |     22 |   1 |   50.0 |
               +--------+--------+--------+--------+--------+-----+--------+

Top non-repeatable levels by time:
     D:3: 286 daAuts
     D:5: 252 daAuts
     D:4: 59 daAuts
  Temple: 50 daAuts
